 Dungeon Crawl Stone Soup version 0.28-a0-563-gf77a47075d (webtiles) character file.

Game seed: 16747923628334941600

98 KristoblXynda the Slasher (level 4, 0/57 HPs)
             Began as a Draconian Gladiator on Sept 30, 2021.
             Succumbed to Robin's poison
             ... on level 2 of the Dungeon.
             The game lasted 00:01:51 (1625 turns).

KristoblXynda the Slasher (Draconian Gladiator)     Turns: 1625, Time: 00:01:52

Health: 0/57       AC: 22    Str: 15 (17) XL:     4   Next: 44%
Magic:  4/4        EV:  2    Int:  8 (9)  God:
Gold:   44         SH:  0    Dex: 10 (12) Spells: 3/3 levels left

rFire   . . .      SeeInvis .   a - +0 long sword
rCold   . . .      Faith    .   (no shield)
rNeg    + + +      Spirit   .   (armour unavailable)
rPois   +          Reflect  .   (helmet currently unavailable)
rElec   .          Harm     .   (cloak currently unavailable)
rCorr   .          Rampage  .   (gloves currently unavailable)
Will    .....      NoTele   +   (boots currently unavailable)
Stlth   +.........              (no amulet)
HPRegen 0.19/turn               (no ring)
MPRegen 0.09/turn               (no ring)

@: mighty, lethally poisoned (0 -> -2), tree-form
A: stationary, stasis, torment immunity, boosted hp, AC +5, unfitting armour,
(cold-blooded)
a: no special abilities


You were on level 2 of the Dungeon.
You were a tree.
You visited 1 branch of the dungeon, and saw 2 of its levels.

You collected 44 gold pieces.

Inventory:

Hand Weapons
 a - a +0 long sword (weapon)
Missiles
 c - 2 throwing nets (quivered)
Armour
 b - a +0 hat (melded)
Scrolls
 d - a scroll of teleportation {unknown}
 e - a scroll of immolation {unknown}
 g - a scroll of identify {unknown}
 i - a scroll of amnesia {unknown}
 k - a scroll of fear {unknown}
Potions
 h - a potion of degeneration


   Skills:
 + Level 3.1 Fighting
 * Level 4.1 Long Blades
 - Level 2.0 Throwing
 + Level 3.3 Dodging


You had 3 spell levels left.
You didn't know any spells.
Your spell library contained the following spells:

 Spells                   Type           Power      Damage    Failure   Level
 Slow                     Hex            0%         N/A       54%         2
 Confusing Touch          Hex            0%         N/A       78%         3
 Vampiric Draining        Necr           0%         2d6       78%         3


Dungeon Overview and Level Annotations

Branches:
Dungeon (2/15)

Altars:

Annotations:
D:2 Robin


Innate Abilities, Weirdness & Mutations

You are a tree.
Your roots penetrate the ground, keeping you stationary.
You cannot be teleported.
You are immune to unholy pain and torment.
Your maximum health is greatly increased.
Your equipment is partially melded.
((Your plain brown scales are hard. (AC +5)))
You cannot fit into any form of body armour.
((You are cold-blooded and may be slowed by cold attacks.))


Message History

You are too injured to fight recklessly!
You are too injured to fight recklessly!
Unknown command.
It was a potion of degeneration.
There was something very wrong with that liquid.
You feel weakened.
You feel dopey.
You feel clumsy.
You feel very sick. Robin throws the goblin at you!
The goblin hits you but does no damage.
Unknown command.
It was a potion of might.
You feel very mighty all of a sudden.
You feel sick. Robin closely misses you.
The goblin hits you but does no damage.
Unknown command.
Okay, then.
You barely miss Robin. You tail-slap Robin.
Robin is lightly wounded.
You feel sick. The goblin misses you. Robin closely misses you.
Robin hits you with a +4 trident of venom.
* * * LOW HITPOINT WARNING * * *
The goblin hits you but does no damage.
Throw: 3 throwing nets
Press: ? - help, Q - select action Shift-Dir - straight line, f - Robin
Aim: Robin, wielding a +4 trident of venom, wearing a +0 animal skin and wearing a +0 helmet (lightly wounded, 65% to hit)
You throw a throwing net. The throwing net hits Robin.
Robin is caught in the net!
Robin is lightly wounded.
* * * LOW HITPOINT WARNING * * *
You feel sick.
Robin struggles against the net.
The goblin hits you with a +0 dagger.
* * * LOW HITPOINT WARNING * * *
You are too injured to fight recklessly!
It was a potion of lignification.
You turn into a tree.
Your +0 hat melds into your body.
Your roots penetrate the ground.
* * * LOW HITPOINT WARNING * * *
You feel sick.
Robin struggles against the net.
The goblin hits you but does no damage.
Unknown command.
You slash Robin!
Robin is severely wounded.
You die...

#..................# ###....
#..................####......
#.........#####.###...+......
#.......[.##......#.###...###
#####.######.##.#.#.#.....'..
#.# #.##.#.#.##....#.# #.#
#)##.#.#.##.##.#.# #.#
#g##.#.#.##. #.#.# #.#
#♣##...#.## #.#.# #.#
#g######.# #.#.# #.# #.# #.#
#.#.# #.# #.# #.# #.#.# #.#
#.# #.# #.# #.# #.#
#†#######.# #)# #..
#.......... #g# ###
#########.# #g# ..........


You could see Robin (caught) and a goblin (strong).

Vanquished Creatures
  Jessica (D:2)
  4 gnolls
  8 ball pythons
  2 bats (D:2)
  3 endoplasms
  5 hobgoblins
  A quokka (D:1)
  2 frilled lizards (D:1)
  6 goblins
  3 rats (D:1)
35 creatures vanquished.

Notes
Turn   | Place    | Note
-------+----------+-------------------------------------------
     0 | D:1      | KristoblXynda the Draconian Gladiator began the quest for
                  | the Orb.
     0 | D:1      | Reached XP level 1. HP: 17/17 MP: 1/1
   201 | D:1      | Reached XP level 2. HP: 25/25 MP: 2/2
   266 | D:1      | Found a faded altar of an unknown god.
   775 | D:2      | Noticed Jessica
   780 | D:2      | Killed Jessica
   781 | D:2      | Reached XP level 3. HP: 22/30 MP: 3/3
  1055 | D:1      | Reached XP level 4. HP: 8/38 MP: 4/4
  1309 | D:2      | Reached skill level 4 in Long Blades
  1606 | D:2      | Noticed Robin
  1623 | D:2      | HP: 1/38 [goblin[Robin] (3)]
  1625 | D:2      | Succumbed to Robin's poison

Illustrated notes

Levels and vault maps discovered:
D:1:      dpeg_arrival_lava_altar, layout_basic, shapermc_ecumenical_altar_gd
D:2:      layout_basic, uniq_robin, uniq_jessica

Skill      XL: |  1  2  3  4 |
---------------+-------------+-----
Throwing       | 2 |  2.0
Dodging        | 3 |  3.3
Fighting       | 3 |  3.1
Long Blades    | 4 |  4.1

Action                   |  1- 3 |  4- 6 || total
-------------------------+-------+-------++-------
Melee: Long sword        |    57 |    23 ||    80
       Tailslap          |     4 |     3 ||     7
Throw: Throwing net      |       |     1 ||     1
  Use: Potion            |       |     3 ||     3
 Stab: Sleeping          |     1 |       ||     1
Armor: Skin              |    12 |     8 ||    20
Dodge: Dodged            |    30 |    21 ||    51

Table legend: (Time is in decaauts)
 A = Elapsed time spent in this place.
 B = Non-inter-level travel time spent in this place.
 C = Inter-level travel time spent in this place.
 D = Time resting spent in this place.
 E = Time spent auto-exploring this place.
 F = Levels seen in this place.
 G = Mean time per level.
                   A        B        C        D        E       F      G
               +--------+--------+--------+--------+--------+-----+--------+
         Total |   1644 |   1636 |      8 |    394 |    965 |   2 |  822.0 |
       Dungeon |   1644 |   1636 |      8 |    394 |    965 |   2 |  822.0 |
               +--------+--------+--------+--------+--------+-----+--------+

Top non-repeatable levels by time:
     D:1: 933 daAuts
     D:2: 711 daAuts
